Map: Daybreak LE (Void)

Players

edelscott007 - Winner!

  • Race: Terran Terran
  • League: Diamond
  • Spawn Location: 1:00

Gorod

  • Race: Zerg Zerg
  • League: Diamond
  • Spawn Location: 7:00

VOD

Have the link to the VOD?

Description

Time

  • Played on: Dec. 19, 2016, 6:35 a.m.
  • Length: 5:25
Show
View Real Time Build Order
Export as new Build Order

edelscott007 Terran - Winner!

Build Orders: Cyclone Opening 

Get SALT Encoding   

  12  0:00  SCV  
  13  0:16  SCV  
  13  0:20  Supply Depot  
  15  0:28  SCV  
  15  0:30  Refinery  
  16  0:45  SCV, Barracks  
  16  0:58  SCV  
  16  0:59  Refinery  
  17  1:10  SCV  
  18  1:22  SCV  
  19  1:34  Supply Depot  
  19  1:35  Factory  
  19  1:37  SCV  
  20  1:46  Barracks Reactor  
  20  1:49  SCV  
  21  2:01  Orbital Command  
  21  2:20  Factory  
  21  2:31  SCV  
  21  2:35  Cyclone  
  25  2:40  Cyclone  
  29  2:47  Supply Depot  
  29  2:49  SCV  
  29  2:56  Reaper  
  30  3:09  Hellion, Cyclone  
  36  3:17  Hellion  
  38  3:23  Supply Depot  
  37  3:29  Reaper  
  38  3:35  SCV  
  39  3:45  Hellion, Cyclone  
  44  3:52  Cyclone  
  47  3:55  Supply Depot  
  47  4:08  Supply Depot  
  47  4:17  Reaper, Cyclone  
  49  4:36  Hellion x2  
  49  4:49  Cyclone  
  55  5:22  Command Center  
Show
View Real Time Build Order
Export as new Build Order

Gorod Zerg 

Build Orders: Hatch First 

Get SALT Encoding   

  12  0:03  Drone  
  13  0:09  Drone  
  14  0:23  Drone, Extractor  
  15  0:46  Hatchery, Extractor  
  15  0:47  Drone  
  15  1:03  Spawning Pool  
  14  1:07  Extractor  
  14  1:08  Drone  
  14  1:14  Extractor  
  15  1:26  Overlord  
  15  1:44  Drone x3  
  18  1:52  Queen  
  20  1:57  Queen  
  20  1:58  Drone  
  20  1:59  Drone  
  24  2:06  Drone  
  25  2:10  Overlord  
  25  2:17  Drone  
  25  2:19  Drone  
  27  2:28  Drone  
  28  2:31  Drone  
  29  2:47  Hatchery  
  29  2:48  Evolution Chamber  
  28  2:51  Queen x2  
  28  2:54  Drone x3  
  28  2:56  Drone  
  36  2:59  Overlord  
  36  3:19  Drone x7  
  43  3:25  Evolution Chamber, Extractor  
  41  3:28  Extractor  
  41  3:31  Roach Warren  
  39  3:42  Evolution Chamber  
  38  4:05  Evolution Chamber  
  38  4:06  Evolution Chamber  
  38  4:07  Zergling x2  
  38  4:08  Spine Crawler, Zergling x14  
  43  4:21  Evolution Chamber  
  38  4:37  Roach  
  38  4:38  Roach x4  
  37  4:50  Roach  
  37  4:51  Roach x4  
  40  4:54  Evolution Chamber  
Tags
 
Add a new tag
Caveats
  • Supply blocks, unpowered buildings, or Contaminate may cause inaccurate times.
  • Supply counts are checked every 10 seconds.